Map: Jagannatha LE

Players

A.I. 1 (Very Easy) - Winner!

  • Race: Protoss Protoss
  • Spawn Location: 7:00

Duke

  • Race: Zerg Zerg
  • League: Diamond
  • Spawn Location: 1:00

VOD

Have the link to the VOD?

Description

Time

  • Played on: Feb. 1, 2021, 6:37 p.m.
  • Length: 8:00
Show
View Real Time Build Order
Export as new Build Order

A.I. 1 (Very Easy) Protoss - Winner!

Build Orders:  

Get SALT Encoding   

  12  0:00  Probe  
  13  0:13  Probe  
  14  0:20  Pylon  
  14  0:37  Assimilator  
  14  0:43  Gateway  
  14  0:45  Pylon  
  14  1:14  Assimilator  
  14  1:24  Probe  
  14  1:30  Zealot  
  14  1:32  Probe  
  17  1:34  Cybernetics Core  
  18  1:40  Probe  
  19  1:51  Probe  
  20  2:00  Probe  
  20  2:08  Zealot, Probe  
  16  2:25  Probe  
  14  2:36  Zealot  
  16  2:37  Probe  
  16  2:38  Warp Gate  
  17  2:49  Probe  
  18  3:01  Probe  
  19  3:13  Probe  
  20  3:25  Probe  
  21  3:38  Probe  
  22  3:41  Pylon  
  22  3:50  Stalker, Probe  
  25  4:02  Probe  
  26  6:47  Stalker  
  26  6:52  Probe  
  12  7:04  Probe, Pylon  
  12  7:08  Cybernetics Core  
  13  7:15  Probe  
  14  7:23  Probe  
  15  7:31  Probe  
  15  7:35  Nexus  
  16  7:43  Zealot, Probe  
  19  7:58  Robotics Facility  
Show
View Real Time Build Order
Export as new Build Order

Duke Zerg 

Build Orders: Pool First, Swarm Host 

Get SALT Encoding   

  12  0:00  Drone  
  13  0:08  Drone  
  14  0:25  Spawning Pool  
  13  0:29  Drone  
  14  0:37  Extractor  
  14  0:38  Drone  
  14  0:39  Extractor  
  14  0:40  Drone  
  16  0:47  Overlord  
  16  1:11  Queen  
  16  1:12  Zergling x4  
  16  1:13  Zergling x2  
  21  1:23  Zergling x2  
  22  1:32  Hatchery  
  21  1:36  Zergling x2  
  22  1:46  Extractor  
  21  1:49  Extractor, Queen  
  23  1:55  Overlord  
  22  2:14  Drone x2  
  24  2:17  Drone  
  24  2:19  Drone x2  
  24  2:21  Drone  
  28  2:29  Drone  
  28  2:41  Drone  
  29  2:45  Queen  
  29  2:48  Drone  
  29  2:51  Overlord  
  32  2:59  Queen  
  32  3:00  Drone  
  32  3:04  Drone  
  36  3:09  Drone  
  36  3:10  Drone  
  36  3:11  Drone  
  39  3:14  Drone  
  39  3:16  Drone  
  41  3:24  Lair  
  41  3:30  Drone x2  
  41  3:31  Drone  
  44  3:43  Hatchery  
  44  3:47  Overlord  
  43  3:50  Extractor  
  43  3:52  Extractor  
  43  3:53  Extractor, Metabolic Boost  
  40  3:56  Drone  
  40  3:58  Drone  
  40  4:00  Drone  
  40  4:02  Drone  
  44  4:06  Drone x2  
  46  4:10  Overlord  
  46  4:15  Drone x2  
  46  4:16  Drone  
  49  4:17  Drone  
  49  4:19  Drone  
  49  4:23  Infestation Pit  
  50  4:26  Drone  
  50  4:27  Drone  
  50  4:31  Extractor  
  51  4:32  Drone  
  51  4:33  Drone  
  51  4:35  Extractor  
  51  4:36  Drone  
  54  4:38  Drone  
  54  4:41  Drone  
  54  4:43  Drone  
  56  4:46  Overlord  
  56  4:48  Drone  
  57  4:53  Drone x2  
  57  4:54  Drone  
  57  4:56  Overlord  
  57  4:59  Drone  
  61  5:00  Drone  
  61  5:06  Nydus Network  
  61  5:09  Overlord  
  61  5:12  Swarm Host  
  64  5:17  Swarm Host  
  64  5:21  Swarm Host  
  70  5:23  Swarm Host  
  70  5:26  Swarm Host  
  79  5:30  Swarm Host  
  79  5:34  Roach Warren  
  81  5:36  Overlord  
  81  5:40  Swarm Host  
  84  5:43  Swarm Host  
  84  5:45  Overlord  
  84  5:49  Nydus Canal  
  87  5:51  Drone x3  
  87  5:56  Swarm Host  
  90  5:59  Overlord  
  90  6:00  Drone x2  
  90  6:04  Drone  
  96  6:07  Drone  
  96  6:08  Evolution Chamber  
  96  6:09  Drone  
  96  6:10  Drone x2  
  99  6:13  Glial Reconstitution  
  99  6:14  Drone  
  99  6:15  Drone  
  99  6:16  Drone  
  102  6:24  Hatchery  
  101  6:28  Overlord  
  101  6:30  Roach  
  101  6:31  Roach  
  105  6:37  Hydralisk Den  
  105  6:39  Drone  
  105  6:42  Nydus Canal  
  105  6:44  Overlord, Roach x2  
  105  6:46  Roach  
  111  6:48  Roach  
  111  6:50  Overlord  
  111  6:52  Roach  
  115  6:55  Roach x2  
  115  6:58  Roach  
  121  7:01  Overlord  
  121  7:04  Roach x2  
  121  7:05  Roach  
  127  7:14  Drone x4, Lurker Den  
  130  7:18  Drone  
  130  7:19  Drone  
  130  7:20  Overlord  
  132  7:23  Drone x2  
  132  7:24  Drone  
  132  7:26  Drone x2  
  132  7:29  Extractor x2, Drone x2  
  137  7:30  Drone x2  
  137  7:33  Overlord  
  139  7:37  Drone x2  
  139  7:40  Overlord  
Tags
 
Composition
Swarm Host
League
Diamond
Matchup
PvZ
Opening
Pool First
Spawn Locations
Cross Positions
Add a new tag
Caveats
  • Supply blocks, unpowered buildings, or Contaminate may cause inaccurate times.
  • Supply counts are checked every 10 seconds.